 Dungeon Sprint DCSS version 0.27-a0-1319-geec4fb4e21 (webtiles) character file.

Game seed: 7802324312808616376

13658 mhtbhm the Sorcerer (level 11, -10/48 HPs)
             Began as a Spriggan Earth Elementalist on June 21, 2021.
             Was the Champion of Vehumet.
             Shot with an arrow by a centaur warrior (27 damage)
             ... in the Dungeon (Sprint IX: "|||||||||||||||||||||||||||||").
             The game lasted 00:09:14 (4936 turns).

mhtbhm the Sorcerer (Spriggan Earth Elementalist)   Turns: 4936, Time: 00:09:15

Health: -10/48     AC:  7    Str:  4    XL:     11   Next: 78%
Magic:  27/37      EV: 21    Int: 23    God:    Vehumet [******]
Gold:   115        SH:  0    Dex: 19    Spells: 5/53 levels left

rFire    . . .     SeeInvis +   a - staff of earth
rCold    . . .     Faith    .   (shield currently unavailable)
rNeg     . . .     Spirit   .   b - +0 steam dragon scales
rPois    .         Reflect  .   (helmet restricted)
rElec    .         Harm     .   m - +1 cloak
rCorr    .         Rampage  .   (gloves unavailable)
Will     +....     NoTele   +   (boots unavailable)
Stlth    ++++......             (no amulet)
HPRegen  0.16/turn              n - +3 ring of dexterity
MPRegen  0.25/turn              o - +3 ring of intelligence

@: very quick
A: very small, no large weapons, unfitting armour, see invisible, speed 3
a: Renounce Religion


You were in the Dungeon.
You worshipped Vehumet.
Vehumet was exalted by your worship.
You visited 1 branch You collected 1914 gold pieces.
You spent 1799 gold pieces at shops.

Inventory:

Missiles
 i - 52 stones
 p - a curare-tipped dart (quivered)
 t - 7 silver boomerangs
Armour
 b - +0 steam dragon scales (worn)
 m - a +1 cloak (worn)
Magical Staves
 a - a staff of earth (weapon)
Jewellery
 n - a +3 ring of dexterity (left hand)
 o - a +3 ring of intelligence (right hand)
 u - a +6 ring of strength
 v - a ring of positive energy
 w - a ring of fire
 x - a ring of magical power
Wands
 l - a wand of acid (7)
Scrolls
 h - 3 scrolls of blinking
 k - 2 scrolls of amnesia
 r - 3 scrolls of identify
 s - 5 scrolls of fog
 y - 2 scrolls of fear
 z - 2 scrolls of enchant armour
Potions
 c - 10 potions of curing
 d - 7 potions of heal wounds
 e - 4 potions of haste
 f - 4 potions of magic
 g - 2 potions of berserk rage
 j - a potion of invisibility
 q - a potion of might


   Skills:
 + Level 0.8 Fighting
 + Level 2.5 Short Blades
 + Level 1.1 Throwing
 + Level 5.8 Dodging
 + Level 7.8 Stealth
 + Level 21.6 Spellcasting
 + Level 1.9 Conjurations
 + Level 6.1 Transmutations
 + Level 17.9 Earth Magic
 + Level 2.7 Evocations


You had 5 spell levels left.
You knew the following spells:

 Your Spells              Type           Power      Damage    Failure   Level
a - Sandblast             Erth           100%       2d20      0%          1
b - Passwall              Tmut/Erth      73%        N/A       1%          2
c - Stone Arrow           Conj/Erth      100%       3d13      1%          3
d - Lee's Rapid Deconstr  Erth           51%        3d25*     1%          5
e - Petrify               Tmut/Erth      88%        N/A       1%          4
f - Sticky Flame          Conj/Fire      29%        2d5       3%          4
g - Iron Shot             Conj/Erth      41%        9d8       1%          6
h - Lehudib's Crystal Sp  Conj/Erth      41%        10d10     41%         8
i - Fire Storm            Conj/Fire      14%        8d4       100%        9
j - Eringya's Noxious Bo  Tmut/Pois      19%        N/A       19%         6

Your spell library contained the following spells:

 Spells                   Type           Power      Damage    Failure   Level
 Yara's Violent Unravell  Hex/Tmut       19%        3d9       4%          5
 Confusing Touch          Hex            24%        N/A       5%          3
 Gell's Gravitas          Tloc           12%        N/A       5%          3
 Metabolic Englaciation   Hex/Ice        12%        N/A       43%         5
 Chain Lightning          Conj/Air       14%        3d19      100%        9
 Polar Vortex             Ice            12%        N/A       100%        9


Dungeon Overview and Level Annotations

Branches:
Dungeon (1/1)

Altars:
Cheibriados
Dithmenos
Elyvilon
Fedhas
Gozag
Hepliaklqana
Kikubaaqudgha
Makhleb
Nemelex Xobeh
Okawaru
Qazlal
Ru
Sif Muna
Trog
Uskayaw
Vehumet
Wu Jian
Xom
Yredelemnul
Zin
The Shining One
Beogh
Jiyva
Lugonu

Shops:
D *[(*


Innate Abilities, Weirdness & Mutations

You are very small and have problems with some larger weapons.
You are too small for most types of armour.
You have supernaturally acute eyesight. (SInv)
You cover ground extremely quickly. (Speed+++)


Message History

s - 5 scrolls of fog (gained 1)
y - 2 scrolls of fear (gained 1)
z - 2 scrolls of enchant armour You open the door.
A boulder beetle, a spriggan, a centaur warrior, an ogre mage and 2 cyclopes come into view.
The centaur warrior shouts!
The spriggan shouts!
The cyclops shouts!
The ogre mage shouts!
Unknown command.
The centaur warrior wields a +0 shortbow.
The centaur warrior shoots an arrow.
The arrow hits you!
Casting: Lee's Rapid Deconstruction (safe; 1% risk of failure)
Confirm with . or Enter, or press ? or * to list all spells.
Aiming: Lee's Rapid Deconstruction (safe; 1% risk of failure)
Press: ? - help, Dir - move target, f - centaur warrior Fragment what (e.g. wall or brittle monster)?: a centaur warrior, wielding a +0 shortbow and quivering arrows An open door to the Dungeon.
You feel a surge of power!
The stone door frame shatters!
The blast of rock fragments hits the centaur warrior!
The centaur warrior is lightly wounded.
The blast of rock fragments hits the cyclops!!
The cyclops is moderately wounded.
You hear a roar!
You hear a horrible gurgling sound!
You hear a shout!
The spriggan changes into a hornet!
The centaur warrior shoots an arrow.
The arrow hits you!!
Casting: Lee's Rapid Deconstruction (safe; 1% risk of failure)
Confirm with . or Enter, or press ? or * to list all spells.
Aiming: Lee's Rapid Deconstruction (safe; 1% risk of failure)
Press: ? - help, Dir - move target, f/p - centaur warrior Fragment what (e.g. wall or brittle monster)?: a centaur warrior, wielding a +0 shortbow and quivering arrows (lightly wounded)
An open door to the Dungeon.
You feel a surge of power!
The stone door frame shatters!
The blast of rock fragments hits the centaur warrior!!
The centaur warrior is severely wounded.
The blast of rock fragments hits the cyclops!!
The cyclops is almost dead.
You hear a horrible gurgling sound!
The centaur warrior shoots an arrow.
The arrow barely misses you.
The centaur warrior shoots an arrow.
The arrow hits you!!
Ouch! That really hurt!
You die...

▓.▓.▓.▓.▓.▓.▓_▓
▓.▓.▓.▓.▓.▓.▓_▓
▓.▓.▓.▓.▓.▓.▓_▓
▓.▓.▓.▓.▓.▓.▓_▓
▓.▓.▓)▓.▓.▓.▓_▓
▓.▓.▓.▓.▓.▓.▓_▓
▓.▓.▓)▓.▓.▓.▓_▓
▓.▓.▓)▓.▓.▓.▓_▓
▓@▓.▓)▓.▓†▓.▓_▓
▓.▓.▓)▓.▓'▓.▓'▓
▓c▓.▓.▓.▓†▓.▓)▓
▓C▓.▓.▓.▓.▓.▓.▓
▓y▓.▓.▓.▓.▓.▓)▓
▓C▓.▓.▓.▓.▓.▓.▓
▓B▓.▓∩▓.▓.▓.▓.▓
▓O▓.▓.▓.▓.▓.▓[▓
▓.▓.▓∩▓.▓.▓.▓[▓


You could see a boulder beetle, a centaur warrior, an ogre mage, 2 cyclopes and
a hornet shaped shifter.

Vanquished Creatures
  2 hydras (D)
  A centaur warrior (D)
  8 orc knights (D)
  An orc sorcerer (D)
  An ugly thing (D)
  A black mamba (D)
  6 cane toads (D)
  A torpor snail (D)
  A rime drake (D)
  2 komodo dragons (D)
  A troll (D)
  A tyrant leech (D)
  A polar bear (D)
  2 blink frogs (D)
  Eustachio (D)
  3 yaks (D)
  A basilisk (D)
  A steam dragon (D)
  A vampire mosquito (D)
  2 acid dragons (D)
  A water moccasin (D)
  15 orc warriors (D)
  An ice beast (D)
  A black bear (D)
  A wolf (D)
  A centaur (D)
  A kobold brigand (D)
  2 bullfrogs (D)
  A killer bee (D)
  An orc priest (D)
  A hound (D)
  An iguana (D)
  3 orc wizards (D)
  An adder (D)
  An adder zombie (D)
  10 orcs (D)
  A bat (D)
  An endoplasm (D)
  A goblin (D)
  2 giant cockroach zombies (D)
  A kobold (D)
  A rat (D)
87 creatures vanquished.

Notes
Turn   | Place    | Note
-------+----------+-------------------------------------------
     0 | D        | mhtbhm the Spriggan Earth Elementalist began the quest for
                  | the Orb.
     0 | D        | Reached XP level 1. HP: 9/9 MP: 5/5
     5 | D        | Reached skill level 3 in Spellcasting
   293 | D        | Noticed an ice beast
   293 | D        | Noticed a hound
   293 | D        | Noticed an iguana
   307 | D        | Killed an ice beast
   308 | D        | Reached skill level 6 in Spellcasting
   308 | D        | Reached XP level 2. HP: 13/13 MP: 0/10
   308 | D        | Reached XP level 3. HP: 16/16 MP: 0/12
   308 | D        | Reached XP level 4. HP: 21/21 MP: 0/13
   582 | D        | Learned a level 2 spell: Passwall
   586 | D        | Learned a level 3 spell: Stone Arrow
   593 | D        | Reached skill level 7 in Spellcasting
   594 | D        | Reached XP level 5. HP: 24/24 MP: 6/16
   770 | D        | Found a snail-covered altar of Cheibriados.
   770 | D        | Found a shadowy altar of Dithmenos.
   770 | D        | Found a white marble altar of Elyvilon.
   770 | D        | Found a blossoming altar of Fedhas.
   770 | D        | Found an opulent altar of Gozag.
   771 | D        | Found a hazy altar of Hepliaklqana.
   772 | D        | Found a viscous altar of Jiyva.
   773 | D        | Found an ancient bone altar of Kikubaaqudgha.
   774 | D        | Found a corrupted altar of Lugonu.
   775 | D        | Found a burning altar of Makhleb.
   776 | D        | Found a sparkling altar of Nemelex Xobeh.
   777 | D        | Found an iron altar of Okawaru.
   778 | D        | Found a stormy altar of Qazlal.
   779 | D        | Found a sacrificial altar of Ru.
   780 | D        | Found a shimmering blue altar of Sif Muna.
   781 | D        | Found a bloodstained altar of Trog.
   782 | D        | Found a hide-covered altar of Uskayaw.
   783 | D        | Found a radiant altar of Vehumet.
   784 | D        | Found an ornate altar of the Wu Jian Council.
   785 | D        | Found a shimmering altar of Xom.
   786 | D        | Found a basalt altar of Yredelemnul.
   787 | D        | Found a glowing silver altar of Zin.
   788 | D        | Found a glowing golden altar of the Shining One.
   791 | D        | Became a worshipper of Vehumet
   824 | D        | Noticed an acid dragon
   824 | D        | Noticed a steam dragon
   826 | D        | Reached skill level 8 in Spellcasting
   828 | D        | Reached skill level 5 in Dodging
   828 | D        | Reached skill level 5 in Stealth
   828 | D        | Reached skill level 9 in Spellcasting
   828 | D        | Reached XP level 6. HP: 28/28 MP: 14/19
   835 | D        | Learned a level 5 spell: Lee's Rapid Deconstruction
   840 | D        | Learned a level 4 spell: Petrify
   848 | D        | Killed an acid dragon
   848 | D        | Reached * piety under Vehumet
   848 | D        | Offered knowledge of Freeze by Vehumet.
   849 | D        | Reached skill level 10 in Spellcasting
   855 | D        | Killed a steam dragon
   856 | D        | Reached skill level 11 in Spellcasting
   856 | D        | Reached skill level 10 in Earth Magic
   856 | D        | Reached XP level 7. HP: 13/32 MP: 0/22
  1050 | D        | Reached ** piety under Vehumet
  1193 | D        | Noticed a six-headed hydra
  1193 | D        | Noticed a brown ugly thing
  1193 | D        | Noticed a troll
  1193 | D        | Noticed a centaur warrior
  1204 | D        | Killed a six-headed hydra
  1204 | D        | Offered knowledge of Searing Ray by Vehumet.
  1205 | D        | Reached skill level 13 in Spellcasting
  1205 | D        | Reached skill level 1 in Conjurations
  1205 | D        | Reached XP level 8. HP: 23/36 MP: 13/26
  1223 | D        | Reached skill level 1 in Throwing
  1223 | D        | Killed a brown ugly thing
  1224 | D        | Reached skill level 14 in Spellcasting
  1335 | D        | Reached *** piety under Vehumet
  1407 | D        | Killed a troll
  1407 | D        | Offered knowledge of Static Discharge by Vehumet.
  1408 | D        | Reached skill level 15 in Spellcasting
  1408 | D        | Reached XP level 9. HP: 39/39 MP: 6/29
  1645 | D        | Killed a centaur warrior
  1645 | D        | Offered knowledge of Airstrike by Vehumet.
  1646 | D        | Reached skill level 1 in Short Blades
  1646 | D        | Reached skill level 16 in Spellcasting
  1991 | D        | Found the +6 lightning scales {swift rElec}
  2014 | D        | Noticed an eight-headed hydra
  2019 | D        | Killed an eight-headed hydra
  2019 | D        | Reached **** piety under Vehumet
  2019 | D        | Offered knowledge of Iskenderun's Battlesphere by Vehumet.
  2020 | D        | Reached skill level 17 in Spellcasting
  2020 | D        | Noticed a torpor snail
  2022 | D        | Noticed a polar bear
  2024 | D        | Noticed a cane toad
  2025 | D        | Reached XP level 10. HP: 44/44 MP: 7/32
  2237 | D        | Killed a torpor snail
  2239 | D        | Reached ***** piety under Vehumet
  2239 | D        | Killed a cane toad
  2239 | D        | Offered knowledge of Fulminant Prism by Vehumet.
  2332 | D        | Noticed a cane toad
  2332 | D        | Noticed a black mamba
  2334 | D        | Killed a cane toad
  2335 | D        | Reached skill level 15 in Earth Magic
  2338 | D        | Reached skill level 18 in Spellcasting
  2338 | D        | Killed a black mamba
  2739 | D        | Noticed a cane toad
  2739 | D        | Noticed a cane toad
  2739 | D        | Noticed a cane toad
  2743 | D        | Killed a cane toad
  2744 | D        | Reached skill level 19 in Spellcasting
  2744 | D        | Noticed a cane toad
  2787 | D        | Killed a cane toad
  2787 | D        | Offered knowledge of Sticky Flame by Vehumet.
  2794 | D        | Killed a cane toad
  2795 | D        | Reached XP level 11. HP: 48/48 MP: 20/35
  2969 | D        | Learned a level 4 spell: Sticky Flame
  3091 | D        | Reached ****** piety under Vehumet
  3093 | D        | Offered knowledge of Conjure Ball Lightning by Vehumet.
  3098 | D        | Noticed an orc knight
  3235 | D        | Killed an orc knight
  3497 | D        | Offered knowledge of Irradiate by Vehumet.
  3503 | D        | Reached skill level 20 in Spellcasting
  3503 | D        | Reached skill level 5 in Transmutations
  3512 | D        | Noticed an orc knight
  3518 | D        | Noticed an orc sorcerer
  3519 | D        | Killed an orc knight
  3699 | D        | Offered knowledge of Bolt of Magma by Vehumet.
  3708 | D        | Killed an orc sorcerer
  3932 | D        | Found Kerun's Assorted Antiques.
  3932 | D        | Noticed an orc knight
  3932 | D        | Noticed an orc knight
  3943 | D        | Killed an orc knight
  3945 | D        | Killed an orc knight
  3946 | D        | Noticed an orc knight
  3948 | D        | Offered knowledge of Iron Shot by Vehumet.
  3950 | D        | Noticed an orc knight
  3951 | D        | Killed an orc knight
  3952 | D        | Reached skill level 21 in Spellcasting
  4078 | D        | Killed an orc knight
  4179 | D        | Noticed an orc knight
  4184 | D        | Killed an orc knight
  4305 | D        | Found Xerelaxt's Armour Shoppe.
  4308 | D        | Found Hiexzie's Antique Weapon Emporium.
  4311 | D        | Found Just's General Store.
  4317 | D        | Noticed an orc knight
  4325 | D        | Killed an orc knight
  4649 | D        | Bought a potion of curing for 36 gold pieces
  4649 | D        | Bought a potion of curing for 36 gold pieces
  4649 | D        | Bought a scroll of fog for 24 gold pieces
  4649 | D        | Bought a book of Annihilations for 1324 gold pieces
  4656 | D        | Learned a level 6 spell: Iron Shot
  4665 | D        | Learned a level 8 spell: Lehudib's Crystal Spear
  4675 | D        | Learned a level 9 spell: Fire Storm
  4685 | D        | Bought a paperback book for 285 gold pieces
  4685 | D        | Bought a scroll of identify for 38 gold pieces
  4685 | D        | Bought a scroll of fog for 38 gold pieces
  4695 | D        | Bought 15 stones for 18 gold pieces
  4739 | D        | Noticed Eustachio
  4742 | D        | Killed Eustachio
  4742 | D        | Offered knowledge of Eringya's Noxious Bog by Vehumet.
  4886 | D        | Learned a level 6 spell: Eringya's Noxious Bog
  4933 | D        | Noticed a centaur warrior
  4933 | D        | Noticed a boulder beetle
  4933 | D        | Noticed an ogre mage
  4936 | D        | Shot with an arrow by a centaur warrior

Illustrated notes

Levels and vault maps discovered:
D:        linesprint [early_d, line_temple, items_1, d_10, items_2, lair_1,
          lair_end, items_3, orc_1, orc_end, items_4, d_15, swamp_1, shoals_1,
          snake_1, spider_1, d_20, vaults_1, items_5, swamp_end, shoals_end,
          snake_end, spider_end, vaults_end, d_27, items_6, zot_1, zot_end,
          crypt_end, forest_end, elf_end, slime_end, tomb_end, abyss_end,
          pan_hell_end]

Skill      XL: |  1  2  3  4  5  6  7  8  9 10 11 |
---------------+----------------------------------+-----
Spellcasting   | 6 7 9 11 13 15 17 19 21 | 21.6
Earth Magic    | 6 7 8 10 11 12 14 16 17 | 17.9
Dodging        | 4 5 |  5.8
Stealth        | 4 5 6 7 |  7.8
Transmutations | 2 4 6 |  6.1
Conjurations   | 1 |  1.9
Evocations     | 2 |  2.7
Throwing       | 1 |  1.1
Short Blades   | 1 2 |  2.5
Fighting       | |  0.8

Action                   |  1- 3 |  4- 6 |  7- 9 | 10-12 || total
-------------------------+-------+-------+-------+-------++-------
Melee: Rapier            |       |       |     1 |       ||     1
Throw: Dart              |       |     1 |       |       ||     1
 Cast: Sandblast         |    14 |     6 |     1 |     1 ||    22
       Stone Arrow       |       |     3 |     1 |    11 ||    15
       Lee's Rapid Decon |       |     3 |    20 |    77 ||   100
       Petrify           |       |       |     6 |    16 ||    22
Evoke: Wand              |       |     1 |     2 |       ||     3
  Use: Potion            |       |       |       |     1 ||     1
 Stab: Petrified         |       |       |     1 |       ||     1
Armor: Robe              |       |     1 |       |       ||     1
       Steam dragon scal |       |       |     3 |       ||     3
Dodge: Dodged            |     3 |       |    12 |     4 ||    19

Table legend: (Time is in decaauts)
 A = Elapsed time spent in this place.
 B = Non-inter-level travel time spent in this place.
 C = Inter-level travel time spent in this place.
 D = Time resting spent in this place.
 E = Time spent auto-exploring this place.
 F = Levels seen in this place.
 G = Mean time per level.
                   A        B        C        D        E       F      G
               +--------+--------+--------+--------+--------+-----+--------+
         Total |   4520 |   4520 |      0 |   2926 |    866 |   1 | 4520.0 |
       Dungeon |   4520 |   4520 |      0 |   2926 |    866 |   1 | 4520.0 |
               +--------+--------+--------+--------+--------+-----+--------+

Top non-repeatable levels by time:
       D: 4520 daAuts
